 Dungeon Crawl Stone Soup version 0.29-a0-517-gbdf32494f2 (webtiles) character file.

Game seed: 1271963679263207980

3292 purpskrrrp the Slicer (level 9, -7/46 HPs)
             Began as a Spriggan Monk on May 30, 2022.
             Was an Elder of Wu Jian.
             Mangled by Maken's ghost (20 damage)
             ... on level 7 of the Dungeon.
             The game lasted 01:24:39 (10572 turns).

purpskrrrp the Slicer (Spriggan Monk)              Turns: 10572, Time: 01:24:49

Health: -7/46      AC:  4    Str:  7    XL:     9   Next: 69%
Magic:  10/10      EV: 25    Int: 11    God:    Wu Jian [****..]
Gold:   150        SH:  0    Dex: 22    Spells: 8/8 levels left

rFire   + . .      SeeInvis +   t - +8 short sword (chaos)
rCold   x . .      Faith    +   d - orb {light}
rNeg    . . .      Spirit   .   b - +2 robe
rPois   +          Reflect  .   (helmet restricted)
rElec   .          Harm     .   (no cloak)
rCorr   .          Rampage  .   (gloves unavailable)
Will    +....                   (boots unavailable)
Stlth   ++........              E - amulet of faith
HPRegen 0.15/turn               u - ring of poison resistance
MPRegen 0.12/turn               C - ring of fire

@: lethally poisoned (-7 -> -14), exhausted, hasted, glowing, very quick
A: very small, no large weapons, unfitting armour, see invisible, speed 3
a: Renounce Religion, Wall Jump, Serpent's Lash


You were on level 7 of the Dungeon.
You worshipped Wu Jian.
Wu Jian was greatly pleased with you.
You visited 1 branch of the dungeon, and saw 7 of its levels.

You collected 396 gold pieces.
You spent 246 gold pieces at shops.

Inventory:

Hand Weapons
 a - a +1 short sword
 t - a +8 short sword of chaos (weapon)
 x - a +5 quarterstaff
 J - a +0 spear
Missiles
 l - 2 throwing nets
 m - 3 boomerangs
 y - 5 javelins
Armour
 b - a +2 robe (worn)
 d - an orb of light (worn)
 j - a +1 pair of gloves
 q - an orb of light
 s - the +2 leather armour "Mibryozo" {Str+3}
   (You found it on level 2 of the Dungeon)

   Str:       It affects your strength (+3).
 I - a +0 buckler
Jewellery
 u - a ring of poison resistance (left hand)
 C - a ring of fire (right hand)
 E - an amulet of faith (around neck)
Wands
 H - a wand of acid (4) (quivered)
Scrolls
 g - 3 scrolls of fog
 h - a scroll of blinking
 i - 3 scrolls of immolation
 k - a scroll of poison
 o - 2 scrolls of enchant armour
 v - 3 scrolls of noise
 B - a scroll of magic mapping
 D - a scroll of teleportation
 G - a scroll of brand weapon
Potions
 c - 3 potions of ambrosia
 e - 3 potions of heal wounds
 f - 5 potions of brilliance
 n - a potion of flight
 p - 3 potions of curing
 w - a potion of attraction {unknown}
 z - 2 potions of berserk rage
 A - a potion of lignification {unknown}


   Skills:
 + Level 4.9 Fighting
 + Level 11.5 Short Blades
 + Level 1.2 Throwing
 + Level 8.8 Dodging
 + Level 8.0 Stealth


You had 8 spell levels left.
You didn't know any spells.
Your spell library contained the following spells:

 Spells                   Type           Power      Damage    Failure   Level
 Sting                    Tmut/Pois      0%         1d3       34%         1
 Poisonous Vapours        Pois/Air       0%         N/A       47%         2
 Ozocubu's Armour         Ice            0%         N/A       71%         3
 Olgreb's Toxic Radiance  Pois           0%         N/A       98%         4
 Ozocubu's Refrigeration  Ice            0%         4d5       100%        7


Dungeon Overview and Level Annotations

Branches:
Dungeon (7/15)             Temple (0/1) D:4

Altars:
Ashenzari
Fedhas
Gozag
Hepliaklqana
Wu Jian

Shops:
D:2 (*?   D:3 *

Annotations:
D:7 1 transporter, Maken's ghost, novice FoFi


Innate Abilities, Weirdness & Mutations

You are very small and have problems with some larger weapons.
You are too small for most types of armour.
You have supernaturally acute eyesight. (SInv)
You cover ground extremely quickly. (Speed+++)


Message History

Maken's ghost is moderately damaged.
You hit Maken's ghost.
Maken's ghost is unaffected.
Maken's ghost is moderately damaged.
You feel very sick.
You spin and attack Maken's ghost.
You hit Maken's ghost. You freeze Maken's ghost.
Maken's ghost is moderately damaged.
You feel sick. Maken's ghost completely misses you.
Aiming: Wall Jump
Press: ? - help, Dir - move target You repeatedly attack Maken's ghost from above.
You hit Maken's ghost but do no damage.
Maken's ghost is moderately damaged.
You hit Maken's ghost but do no damage.
Maken's ghost is moderately damaged.
You feel very sick.
There is a transporter landing site here.
You see here a queen bee corpse.
Unknown command.
You feel sick.
You feel sick.
Aiming: Corrosive Bolt
Press: ? - help, Q - select action, (/) - cycle Shift-Dir - straight line, f - Maken's ghost
Aim: Maken's ghost, wielding a weapon of flaming (moderately damaged, haloed, 81% to hit)
The bolt of acid hits Maken's ghost.
The acid corrodes Maken's ghost!
Maken's ghost is moderately damaged.
You feel sick.
Aiming: Wall Jump
Press: ? - help, Dir - move target, p - Maken's ghost You repeatedly attack Maken's ghost from above.
You barely miss Maken's ghost.
Maken's ghost is moderately damaged.
You hit Maken's ghost. You freeze Maken's ghost.
Maken's ghost is moderately damaged.
You hit Maken's ghost. You freeze Maken's ghost.
Maken's ghost is heavily damaged.
You feel sick.
Maken's ghost makes a sound of rattling chains.
Maken's ghost hits you!!
You die...

#..#####.[y![#####....'....
#.###...#y..#.#.###...###..
#.##..#..###..#..##..## #.#
##.###...#.. #...###..# #.#
#...#####..#..#####...# #.#
#..###.!.#...#...###.## #.#
#..##..#..###†.#.W##.# #.#
#..###...#°○°#.#.###.# #.#
#...#####.°@W.#####..#####.#
#.#..#############......##.#
#.##.......©............##.#
#............###)).........#
########.##..###)#......####
#.##.....).......#
#.##.####.#.######
#.........#.# ####.####.#.#


You could see Maken's ghost (corroded).

Vanquished Creatures
  A queen bee (D:7)
  A wyvern (D:7)
  2 steam dragons
  3 orc warriors
  2 black bears
  3 sky beasts (D:7)
  A phantom (D:5)
  A kobold brigand (D:6)
  Blork the orc (D:4)
  A necrophage (D:5)
  A scorpion (D:5)
  A bullfrog (D:7)
  A gnoll sergeant (D:7)
  6 wights
  3 killer bees (D:7)
  6 hounds
  A jelly (D:6)
  3 orc priests
  3 gnoll shamans
  7 iguanas
  3 orc wizards
  19 gnolls
  8 adders
  A white imp (D:5)
  3 ufetubi (D:5)
  2 worms (D:3)
  4 dart slugs
  15 orcs
  11 ball pythons
  11 endoplasms
  4 giant cockroaches
  7 goblins
  2 hobgoblins (D:2)
  4 jackals (D:5)
  10 kobolds
  4 quokkas
  7 bats
  A frilled lizard (D:1)
  4 rats
168 creatures vanquished.

Vanquished Creatures (others)
  4 plants (D:2)
4 creatures vanquished.

Grand Total: 172 creatures vanquished

Notes
Turn   | Place    | Note
-------+----------+-------------------------------------------
     0 | D:1      | purpskrrrp the Spriggan Monk began the quest for the Orb.
     0 | D:1      | Reached XP level 1. HP: 11/11 MP: 2/2
   629 | D:1      | Reached XP level 2. HP: 13/16 MP: 3/3
   970 | D:1      | Found an ornate altar of the Wu Jian Council.
  1025 | D:1      | Became a worshipper of the Wu Jian Council
  1025 | D:1      | Reached * piety under Wu Jian
  1025 | D:1      | Reached ** piety under Wu Jian
  1304 | D:1      | Reached XP level 3. HP: 15/19 MP: 4/4
  2218 | D:2      | Reached skill level 4 in Short Blades
  2338 | D:2      | Found Osetom's Magic Scroll Shop.
  2400 | D:2      | Found Ruigeli's General Store.
  2417 | D:2      | Found Counko's Weapon Shop.
  2502 | D:2      | Reached skill level 5 in Dodging
  2681 | D:2      | Reached XP level 4. HP: 21/23 MP: 5/5
  2738 | D:2      | Identified the +2 leather armour "Mibryozo" {Str+3}
  3176 | D:3      | Found a faded altar of an unknown god.
  3375 | D:3      | Found an opulent altar of Gozag.
  3379 | D:3      | Found Gozag's Platinum Reserve.
  4041 | D:3      | Reached XP level 5. HP: 15/28 MP: 6/6
  4431 | D:4      | Noticed Blork the orc
  4435 | D:4      | Found a faded altar of an unknown god.
  4436 | D:4      | Found a hazy altar of Hepliaklqana.
  4753 | D:4      | Reached skill level 5 in Short Blades
  4766 | D:4      | Reached *** piety under Wu Jian
  5171 | D:2      | Bought a scroll of enchant weapon for 82 gold pieces
  5171 | D:2      | Bought a scroll of enchant weapon for 82 gold pieces
  5171 | D:2      | Bought a scroll of enchant weapon for 82 gold pieces
  5245 | D:4      | Found an ornate altar of the Wu Jian Council.
  5270 | D:4      | Reached XP level 6. HP: 32/32 MP: 7/7
  5310 | D:4      | Reached skill level 5 in Stealth
  5431 | D:4      | Found a staircase to the Ecumenical Temple.
  5534 | D:4      | Noticed a steam dragon
  5575 | D:4      | Killed a steam dragon
  5575 | D:4      | Reached skill level 6 in Short Blades
  5807 | D:4      | Killed Blork the orc
  5808 | D:4      | Reached XP level 7. HP: 12/36 MP: 8/8
  6485 | D:5      | Entered Level 5 of the Dungeon
  6521 | D:5      | Reached skill level 1 in Throwing
  6718 | D:5      | Reached skill level 7 in Short Blades
  6888 | D:5      | Identified the +0 leather armour "Jowkuyl" {rN+ Regen+}
  7098 | D:5      | Reached XP level 8. HP: 40/40 MP: 9/9
  7258 | D:5      | Reached skill level 8 in Short Blades
  7287 | D:5      | Found a blossoming altar of Fedhas.
  7289 | D:5      | Found a broken altar of Ashenzari.
  7650 | D:6      | Reached skill level 9 in Short Blades
  8006 | D:6      | Reached **** piety under Wu Jian
  8238 | D:6      | Reached skill level 10 in Short Blades
  9312 | D:7      | Found a transporter.
  9326 | D:7      | Reached XP level 9. HP: 45/45 MP: 10/10
  9351 | D:7      | Found a transporter.
  9352 | D:7      | Noticed Maken's ghost (novice FoFi)
  9365 | D:7      | Noticed a queen bee
 10152 | D:7      | Reached skill level 11 in Short Blades
 10566 | D:7      | Killed a queen bee
 10572 | D:7      | Mangled by Maken's ghost

Illustrated notes

Levels and vault maps discovered:
D:1:      ncdulo_watergridlock, layout_basic, hangedman_decor_peaks_small,
          minmay_misc_feat_doors, minmay_hexomino_r4
D:2:      layout_rooms, serial_shops, shop, nicolae_shop_stone,
          nicolae_shop_bloodbath_and_beyond, serial_bayou_pond_a,
          dk_noncrumbling_2
D:3:      layout_basic, nicolae_gozag_zags_fifth_avenue,
          shapermc_ecumenical_altar_petra
D:4:      layout_cave_pools, mainiacjoe_overflow_24_doors,
          beargit_hepliaklqana_dungeon_heroes, minmay_temple_entry_junction,
          serial_rivers, chequers_serial_rivers_micro_d,
          chequers_serial_rivers_room_a, chequers_serial_rivers_marsh,
          chequers_serial_rivers_micro_a, chequers_serial_rivers_small_a,
          chequers_serial_rivers_micro_c, minmay_fractal_squares_diagonal_5
D:5:      layout_loops_ring, nicolae_overflow_hidden_temple
D:6:      layout_loops_ring
D:7:      layout_loops_corners, gammafunk_ghost_hive, minmay_misc_feat_tiny

Skill      XL: |  1  2  3  4  5  6  7  8  9 |
---------------+----------------------------+-----
Short Blades   | 4 5 6 7 10 11 | 11.5
Dodging        | 5 6 7 8 |  8.8
Stealth        | 4 5 6 7 8 |  8.0
Fighting       | 3 4 |  4.9
Throwing       | 1 |  1.2

Action                   |  1- 3 |  4- 6 |  7- 9 || total
-------------------------+-------+-------+-------++-------
Melee: Short sword       |   132 |   141 |   295 ||   568
       Punch             |     1 |       |       ||     1
Throw: Throwing net      |       |     1 |     1 ||     2
Invok: Whirlwind         |    41 |    46 |    80 ||   167
       Lunge             |     3 |     6 |    23 ||    32
       Serpent's Lash    |       |     2 |     5 ||     7
 Abil: Wall Jump         |       |    31 |    55 ||    86
Evoke: Wand              |       |       |     1 ||     1
  Use: Scroll            |     2 |    19 |     9 ||    30
       Potion            |       |     1 |     1 ||     2
 Stab: Sleeping          |     1 |     7 |     5 ||    13
       Held in net/web   |       |     1 |       ||     1
Armor: Robe              |    10 |     8 |     8 ||    26
Dodge: Dodged            |   107 |    99 |   110 ||   316

Table legend: (Time is in decaauts)
 A = Elapsed time spent in this place.
 B = Non-inter-level travel time spent in this place.
 C = Inter-level travel time spent in this place.
 D = Time resting spent in this place.
 E = Time spent auto-exploring this place.
 F = Levels seen in this place.
 G = Mean time per level.
                   A        B        C        D        E       F      G
               +--------+--------+--------+--------+--------+-----+--------+
         Total |   8081 |   7374 |    707 |   3682 |   2667 |   7 | 1154.4 |
       Dungeon |   8081 |   7374 |    707 |   3682 |   2667 |   7 | 1154.4 |
               +--------+--------+--------+--------+--------+-----+--------+

Top non-repeatable levels by time:
     D:1: 1621 daAuts
     D:4: 1374 daAuts
     D:7: 1254 daAuts
     D:3: 1016 daAuts
     D:2: 1012 daAuts
     D:5: 903 daAuts
     D:6: 897 daAuts
